 Dungeon Crawl Stone Soup version 0.28.0-43-g3370ac3207 (console) character file.

Game seed: 2142435006920654974

2926 Zeor the Carver (level 9, -1/46 HPs)
             Began as a Vine Stalker Berserker on Mar 24, 2022.
             Was a Priest of Trog.
             Killed from afar by Maggie (18 damage)
             ... with a bolt of fire
             ... on level 7 of the Dungeon.
             The game lasted 00:17:16 (6026 turns).

Zeor the Carver (Vine Stalker Berserker)            Turns: 6026, Time: 00:17:17

Health: -1/46      AC:  6    Str: 19    XL:     9   Next: 79%
Magic:  0/10       EV: 12    Int:  7    God:    Trog [***...]
Gold:   279        SH:  0    Dex: 19    Spells: 8/8 levels left

rFire   . . .      SeeInvis .   a - +1 long sword (vorpal)
rCold   + . .      Faith    .   (no shield)
rNeg    . . .      Spirit   +   h - +0 ring mail
rPois   .          Reflect  .   (no helmet)
rElec   .          Harm     .   (no cloak)
rCorr   .          Rampage  .   (no gloves)
Will    +....                   (no boots)
Stlth   ++........              v - amulet of regeneration
HPRegen 1.75/turn               p - ring of protection from cold
MPRegen 0.12/turn               (no ring)

@: on berserk cooldown, slowed, very slow
A: fangs 3, regeneration 1, magic shield, antimagic bite, no potion heal 2
a: Renounce Religion, Berserk, Trog's Hand


You were on level 7 of the Dungeon.
You worshipped Trog.
Trog was most pleased with you.
You visited 1 branch of the dungeon, and saw 7 of its levels.

You collected 279 gold pieces.

Inventory:

Hand Weapons
 a - a +1 vorpal long sword (weapon)
 j - a +0 scimitar
 k - a +0 shortbow
 l - a +0 arbalest
 n - a +0 scimitar
 q - the +1 mace "Fizidghi" {speed, rElec Will+ Int+3}
   (You found it on level 5 of the Dungeon)

   Attacks with this weapon are significantly faster.
   Int:       It affects your intelligence (+3).
   rElec:     It insulates you from electricity.
   Will:      It increases your willpower.
 t - the +12 falchion "Jellyslayer" {pain, rElec Will- MP-9 Str+4}
   (You found it on level 6 of the Dungeon)

   In the hands of one skilled in necromantic magic, it inflicts extra damage on
   living creatures.
   Str:       It affects your strength (+4).
   rElec:     It insulates you from electricity.
   MP:        It affects your magic capacity (-9).
   Will:      It decreases your willpower.
   Trog disapproves of the use of such an item.
Missiles
 b - 69 sling bullets
 d - 112 arrows
 f - 18 poisoned darts (quivered)
 s - 13 bolts
Armour
 h - a +0 ring mail (worn)
Jewellery
 p - a ring of protection from cold (left hand)
 v - an amulet of regeneration (around neck)
Wands
 e - a wand of iceblast (13)
 i - a wand of polymorph (8)
Scrolls
 m - 2 scrolls of enchant armour
 r - a scroll of teleportation
 u - a scroll of magic mapping
Potions
 c - 4 potions of curing
 g - a potion of flight
 o - a potion of ambrosia


   Skills:
 + Level 4.5 Fighting
 * Level 10.1 Long Blades
 + Level 0.3 Throwing
 + Level 4.4 Armour
 + Level 3.4 Dodging
 + Level 2.7 Stealth


You had 8 spell levels left.
You didn't know any spells.
Your spell library was empty.

Dungeon Overview and Level Annotations

Branches:
Dungeon (7/15)             Temple (0/1) D:7

Altars:
Kikubaaqudgha

Annotations:
D:5 1 runed translucent door, Crazy Yiuf
D:7 Maggie


Innate Abilities, Weirdness & Mutations

You have razor-sharp teeth.
Your natural rate of healing is unusually fast.
When hurt, damage is shared between your health and your magic reserves.
Your bite disrupts and absorbs the magic of your enemies.
Potions cannot restore your health.


Message History

Maggie gestures wildly while chanting.
You feel your anger nearly subside.
You are no longer berserk.
You are exhausted.
You feel yourself slow down.
Maggie hits you with a +1 halberd of flaming!
Maggie burns you.
You hit Maggie.
Maggie is lightly wounded.
Maggie hits you with a +1 halberd of flaming!
Maggie burns you.
You slash Maggie! Your bite misses Maggie.
Maggie is moderately wounded.
Maggie hits you with a +1 halberd of flaming!
Maggie burns you.
Okay, then.
You fail to use your ability.
Maggie hits you with a +1 halberd of flaming.
Maggie burns you. Maggie closely misses you.
Your polar bear goes berserk!
You can no longer call in reinforcements.
Maggie barely misses you.
Maggie hits you from afar with a +1 halberd of flaming.
Maggie burns you.
Maggie points at you and mumbles some strange words.
The bolt of fire hits your polar bear!! The bolt of fire hits you!
* * * LOW HITPOINT WARNING * * *
Your polar bear bites Maggie!!
Your polar bear claws Maggie but does no damage.
Your polar bear barely misses Maggie.
Your polar bear bites Maggie!
Your polar bear claws Maggie. x2
Maggie hits your polar bear with a +1 halberd of flaming!!
Maggie burns your polar bear.
Your polar bear barely misses Maggie. x3
You swap places.
Maggie casts a spell at your polar bear.
The bolt of fire hits your polar bear!!
Your polar bear dies!
Your polar bear's corpse disappears in a puff of smoke!
Maggie gestures at you while chanting. The bolt of fire hits you!!
You die... ▒8∙∙∙8▒ ▒∙∙∙∙∙▒▒ ▒▒∙∙∙▒▒ ▒▒▒▒▒∙▒▒ ▒∙∙∙▒ ▒∙▒▒ ▒▒∙∙∙▒▒ ▒∙▒∙ ▒8∙∙∙8▒ ▒∙∙∙ ▒ ▒▒▒▒∙∙∙▒▒▒▒ ▒▒ ▒∙▒▒ ∙▒8▒▒▒8▒▒∙∙∙▒▒8▒▒▒8▒▒▒∙▒8 ∙∙∙∙∙∙∙∙∙∙∙∙∙∙∙∙∙∙∙∙∙∙∙∙∙

∙∙∙∙∙∙∙∙f∙⌠∙∙∙∙∙∙∙∙∙∙∙∙∙∙
∙∙∙∙∙∙∙∙#∙∙∙∙∙∙∙∙∙∙∙∙∙∙∙∙
▒▒8▒▒▒8▒▒@∙∙▒▒8▒▒▒8▒∙∙▒▒∙
▒▒ ▒∙∙∙▒ ▒▒ ▒▒▒∙▒▒ 8
▒8∙∙∙8▒ ▒∙▒ ▒ ▒▒∙∙∙▒▒ ▒∙▒
▒∙∙∙▒▒▒▒▒▒▒▒∙▒▒▒
▒∙∙∙▒▒∙∙∙∙∙∙∙∙∙▒
8∙∙∙8▒∙▒▒▒▒▒▒▒∙▒▒


You could see Maggie.

Vanquished Creatures
  An ugly thing (D:7)
  Eustachio (D:5)
  A water moccasin (D:7)
  2 orc warriors
  2 ice beasts
  A necrophage (D:6)
  2 ogres
  2 phantoms
  2 centaurs (D:5)
  A kobold brigand (D:6)
  2 scorpions
  2 bullfrogs
  A water moccasin zombie (D:5)
  A wyvern skeleton (D:5)
  A water moccasin skeleton (D:6)
  A howler monkey (D:7)
  2 centaur zombies (D:6)
  2 hounds (D:5)
  3 orc priests
  2 jellies
  A centaur skeleton (D:6)
  7 orc wizards
  Ijyb (D:3)
  2 iguanas
  A scorpion zombie (D:5)
  A hound zombie (D:5)
  A howler monkey zombie (D:6)
  10 adders
  2 white imps
  An adder skeleton (D:4)
  A worm (D:4)
  2 dart slugs
  12 orcs
  4 bats
  9 endoplasms
  6 giant cockroaches
  6 goblins
  9 hobgoblins
  14 kobolds
  4 quokkas
  11 ball pythons
  6 frilled lizards
  6 rats
149 creatures vanquished.

Vanquished Creatures (others)
  10 plants
10 creatures vanquished.

Grand Total: 159 creatures vanquished

Notes
Turn   | Place    | Note
-------+----------+-------------------------------------------
     0 | D:1      | Zeor the Vine Stalker Berserker began the quest for the
                  | Orb.
     0 | D:1      | Reached XP level 1. HP: 11/11 MP: 2/2
    39 | D:1      | Reached skill level 3 in Long Blades
    45 | D:1      | Reached XP level 2. HP: 3/16 MP: 1/3
   708 | D:1      | Reached XP level 3. HP: 17/19 MP: 2/4
   905 | D:1      | Found a faded altar of an unknown god.
  1514 | D:2      | Reached ** piety under Trog
  2043 | D:2      | Gained mutation: Your natural rate of healing is unusually
                  | fast. [Vine Stalker growth]
  2043 | D:2      | Reached XP level 4. HP: 24/24 MP: 5/5
  2325 | D:3      | Reached skill level 4 in Long Blades
  2355 | D:3      | Reached skill level 1 in Stealth
  2449 | D:3      | Noticed Ijyb
  2461 | D:3      | Killed Ijyb
  2462 | D:3      | Reached XP level 5. HP: 28/28 MP: 6/6
  3622 | D:5      | Entered Level 5 of the Dungeon
  3650 | D:5      | Noticed Eustachio
  3671 | D:5      | Killed Eustachio
  3672 | D:5      | Reached skill level 5 in Long Blades
  3672 | D:5      | Reached XP level 6. HP: 32/32 MP: 2/7
  3701 | D:5      | Reached XP level 7. HP: 20/36 MP: 5/8
  3707 | D:5      | Reached skill level 6 in Long Blades
  3878 | D:5      | Found an ancient bone altar of Kikubaaqudgha.
  3968 | D:5      | Reached *** piety under Trog
  4003 | D:5      | Found a runed translucent door.
  4003 | D:5      | Identified the +1 mace "Fizidghi" {speed, rElec Will+
                  | Int+3}
  4005 | D:5      | Noticed Crazy Yiuf
  4111 | D:5      | Reached skill level 7 in Long Blades
  4220 | D:5      | Gained mutation: You have razor-sharp teeth. [Vine Stalker
                  | growth]
  4220 | D:5      | Reached XP level 8. HP: 38/42 MP: 7/9
  4712 | D:6      | Reached skill level 8 in Long Blades
  4732 | D:6      | HP: 2/42 [acid (1)]
  5081 | D:6      | Identified the +12 falchion "Jellyslayer" {pain, rElec
                  | Will- MP-9 Str+4}
  5083 | D:6      | :(
  5239 | D:6      | Reached XP level 9. HP: 34/45 MP: 10/10
  5527 | D:7      | Reached skill level 9 in Long Blades
  5533 | D:7      | Reached **** piety under Trog
  5661 | D:7      | Found a staircase to the Ecumenical Temple.
  5748 | D:7      | Noticed a white ugly thing
  5757 | D:7      | Killed a white ugly thing
  5808 | D:7      | Reached skill level 10 in Long Blades
  6011 | D:7      | Noticed Maggie
  6026 | D:7      | Killed from afar by Maggie

Illustrated notes

▒∙▒▒▒ ▒∙▒ ▒∙▒ ▒∙▒ ▒∙▒ ▒∙▒ ▒∙▒ ▒)▒
▒▒▒▒▒ ▒▒▒ ▒f▒ ▒∙∙∙∙ ▒∙∙ ∙∙∙∙∙∙∙∙▒
▒∙▒▒▒ ▒∙▒▒▒▒▒▒▒▒▒▒▒▒▒ ▒∙▒ ▒∙∙∙∙∙▒
▒∙▒ ▒∙▒▒▒∙▒▒▒▒▒▒▒▒▒▒▒▒▒▒ ▒∙▒ ▒▒∙▒
▒∙∙∙∙∙∙∙∙∙∙∙∙∙∙▒ ▒∙▒
▒▒▒∙∙▒▒▒∙▒▒▒∙▒∙▒▒▒▒▒▒∙▒ ▒∙▒
∙∙∙∙∙∙∙∙∙∙∙∞∙▒∙▒▒▒▒▒▒∙▒▒▒▒▒▒▒∙▒▒▒
▒▒▒∙∙∙∙▒▒▒▒▒▒▒∙∙∙∙∙∙∙∙∙∙∙∙∙∙∙∙∙∙∙


Turn 5083 on D:6: :(

Levels and vault maps discovered:
D:1:      wander_arrival_lonely_grave, layout_rooms,
          shapermc_ecumenical_altar_pompeii
D:2:      layout_loops_corners, serial_bayou_lagoon_b
D:3:      layout_loops_ring, uniq_ijyb
D:4:      layout_basic
D:5:      layout_basic, old_standard_altar, corexii_shack,
          uniq_crazy_yiuf_cottage, uniq_eustachio
D:6:      layout_loops_ring
D:7:      layout_rooms, minmay_temple_entry_junction_2, serial_corexii_hall,
          corexii_hall_statues_i, chequers_hall_statues_y,
          corexii_hall_statues_x, corexii_hall_statues_t, grunt_ministairs_14,
          uniq_maggie, uniq_menkaure

Skill      XL: |  1  2  3  4  5  6  7  8  9 |
---------------+----------------------------+-----
Long Blades    | 3 4 5 7 8 10 | 10.1
Fighting       | 3 4 |  4.5
Stealth        | 1 2 |  2.7
Dodging        | 2 3 |  3.4
Armour         | 2 3 4 |  4.4
Throwing       | |  0.3

Action                   |  1- 3 |  4- 6 |  7- 9 || total
-------------------------+-------+-------+-------++-------
Melee: Falchion          |   110 |    62 |       ||   172
       Bite              |    28 |    26 |    69 ||   123
       Punch             |       |     1 |     2 ||     3
       Scimitar          |       |    61 |    77 ||   138
       Long sword        |       |       |   117 ||   117
Throw: Dart              |     1 |       |     6 ||     7
Invok: Berserk           |     1 |     1 |     6 ||     8
       Trog's Hand       |       |     2 |       ||     2
       Brothers in Arms  |       |       |     1 ||     1
  Use: Scroll            |     7 |     4 |     3 ||    14
       Potion            |       |     1 |       ||     1
 Stab: Sleeping          |     3 |     1 |     2 ||     6
Armor: Animal skin       |     9 |       |       ||     9
       Ring mail         |     8 |    31 |    42 ||    81
       Skin              |       |    61 |       ||    61
Dodge: Dodged            |    67 |    66 |    96 ||   229
